 Dungeon Crawl Stone Soup version 0.27-a0-951-gae3e1deef5 (webtiles) character file.

Game seed: 8638130241998312494

66 jasper the Insei (level 3, -1/26 HPs)
             Began as a Demonspawn Artificer on Apr 11, 2021.
             Killed from afar by an orc wizard (6 damage)
             ... with a magic dart
             ... on level 3 of the Dungeon.
             The game lasted 00:02:46 (1532 turns).

jasper the Insei (Demonspawn Artificer)             Turns: 1532, Time: 00:02:46

Health: -1/26      AC:  5    Str: 12    XL:     3   Next: 96%
Magic:  3/3        EV: 11    Int: 13    God:
Gold:   29         SH:  0    Dex: 13    Spells: 2/2 levels left

rFire    . . .     SeeInvis .     - Unarmed
rCold    . . .     Faith    .   (no shield)
rNeg     . . .     Spirit   .   b - +0 leather armour
rPois    .         Reflect  .   (no helmet)
rElec    .         Harm     .   (no cloak)
rCorr    .         Rampage  .   g - +0 pair of gloves
Will     .....                  h - +0 pair of boots
Stlth    +.........             (no amulet)
HPRegen  0.08/turn              (no ring)
MPRegen  0.08/turn              (no ring)

@: flying
A: foul stench 1
a: no special abilities


You were on level 3 of the Dungeon.
You visited 1 branch of the dungeon, and saw 3 of its levels.

You collected 29 gold pieces.

Inventory:

Hand Weapons
 a - a +0 club
Missiles
 i - 4 boomerangs
Armour
 b - a +0 leather armour (worn)
 g - a +0 pair of gloves (worn)
 h - a +0 pair of boots (worn)
Wands
 d - a wand of charming (4)
 e - a wand of random effects (10)
Potions
 f - a potion of flight


   Skills:
 - Level 1.0 Fighting
 - Level 1.7 Armour
 - Level 0.8 Dodging
 - Level 0.8 Stealth
 + Level 3.3 Unarmed Combat
 - Level 3.0 Evocations


You had 2 spell levels left.
You didn't know any spells.
Your spell library contained the following spells:

 Spells                   Type           Power      Damage    Failure   Level
 Magic Dart               Conj           0%         1d3       36%         1
 Blink                    Tloc           N/A        N/A       52%         2
 Call Imp                 Summ           0%         N/A       52%         2
 Slow                     Hex            0%         N/A       52%         2
 Conjure Flame            Conj/Fire      0%         6-21      75%         3
 Mephitic Cloud           Conj/Pois/Air  0%         N/A       75%         3


Dungeon Overview and Level Annotations

Branches:
Dungeon (3/15)

Altars:
Fedhas
Gozag

Annotations:
D:2 Natasha


Innate Abilities, Weirdness & Mutations

You may rarely emit foul miasma when damaged in melee.


Message History

The magic dart hits you.
You take 4 damage, and have 22/26 hp.
You barely miss something. Something hits you!
You take 9 damage, and have 13/26 hp.
MASSIVE DAMAGE!!
You miss something. Something hits you.
You take 2 damage, and have 11/26 hp.
Something hits your adder.
You start resting.
A magic dart appears from out of thin air!
The magic dart hits your adder!
It was a potion of flight.
You feel very buoyant.
You fly up into the air.
A magic dart appears from out of thin air!
The magic dart hits your adder!
Your adder dies!
As you read the scroll labelled MOQUGO KYETE, it crumbles to dust.
You feel aware of your surroundings.
You sensed 3 altars.
It was a scroll of magic mapping.
Aiming: Random Effects
Press: ? - help, Shift-Dir - straight line Nothing appears to happen.
Aiming: Random Effects
Press: ? - help, Shift-Dir - straight line Something hits you but does no damage.
Aiming: Random Effects
Press: ? - help, Shift-Dir - straight line Nothing appears to happen.
Something hits you.
You take 3 damage, and have 10/26 hp.
Aiming: Random Effects
Press: ? - help, Shift-Dir - straight line Nothing appears to happen.
You barely miss something. Something hits you.
* * * LOW HITPOINT WARNING * * *
You take 5 damage, and have 5/26 hp.
You hit something.
You hear some strange, mumbled words.
A magic dart appears from out of thin air!
The magic dart hits you.
You die...

,,,#§§§§§§§§§§.......#*≈*≈≈≈≈≈≈**
,,,§§§§§§§§§§§.......#*≈*≈,≈≈≈≈*
**,§§#######§§.......#*≈**≈≈**≈*
*,,,#.....##§..###+#**≈≈****≈≈**
*,_,#......#...# *,**≈≈≈≈≈≈≈≈≈≈*
*,,,#......#...#**,***≈≈****≈≈**
###*##..)...'...',,,* **** *****
#.# #.....(.#..{###### *,*
..####'#########@....# *,*
.......# #.###.#** *,*
..##############.#**,,,********,*
..................,,,,,,,,,,,,,,,
..##.##.#.........>,,,,********,*
).##.##.#..#####...,,,,* *,*
.....##.#..# #...,,,,* *,*
.#.####.#..# #....,,** *,* .#.#
#.#..# *,,,,,,******* *,*


There were no monsters in sight!

Vanquished Creatures
  An orc priest (D:3)
  A gnoll (D:1)
  2 adders (D:2)
  2 orcs (D:3)
  A bat (D:1)
  An endoplasm (D:1)
  2 goblins (D:1)
  A hobgoblin (D:3)
  A kobold (D:3)
  2 quokkas
  A frilled lizard (D:1)
15 creatures vanquished.

Vanquished Creatures (collateral kills)
  An endoplasm (D:3)
  A goblin (D:3)
2 creatures vanquished.

Vanquished Creatures (others)
  An adder (D:3)
  2 orcs (D:3)
  An endoplasm (D:2)
  A hobgoblin (D:3)
  5 fungi (D:3)
  2 plants (D:3)
12 creatures vanquished.

Grand Total: 29 creatures vanquished

Notes
Turn   | Place    | Note
-------+----------+-------------------------------------------
     0 | D:1      | jasper the Demonspawn Artificer began the quest for the
                  | Orb.
     0 | D:1      | Reached XP level 1. HP: 15/15 MP: 1/1
    84 | D:1      | Reached skill level 1 in Unarmed Combat
    84 | D:1      | Gained mutation: You may rarely emit foul miasma when
                  | damaged in melee. [demonic ancestry]
    84 | D:1      | Reached XP level 2. HP: 21/21 MP: 2/2
   237 | D:2      | Reached XP level 3. HP: 20/26 MP: 3/3
   561 | D:2      | Noticed Natasha
   733 | D:3      | Found a blossoming altar of Fedhas.
  1385 | D:3      | Found an opulent altar of Gozag.
  1532 | D:3      | Killed from afar by an orc wizard

Illustrated notes

Levels and vault maps discovered:
D:1:      dpeg_arrival_tiny_g, layout_basic, st_stairs_3
D:2:      layout_loops_ring, serial_park_tiny_1, uniq_natasha
D:3:      layout_basic, fedhas_ov_isle_minmay, overflow_temple_1_default,
          beargit_hepliaklqana_dungeon_heroes,
          shapermc_ecumenical_altar_hornbeckon, gup_sewer_entry_bubbles,
          chequers_decorated_corner, minmay_misc_feat_chi

Skill      XL: |  1  2  3 |
---------------+----------+-----
Unarmed Combat | 1 2 3 |  3.3
Fighting       | |  1.0
Armour         | |  1.7
Dodging        | |  0.8
Stealth        | |  0.8
Evocations     | |  3.0

Action                   || total
-------------------------++-------
Melee: Club              ||    35
       Unarmed           ||    21
Evoke: Wand              ||    31
  Use: Potion            ||     3
       Scroll            ||     1
 Stab: Petrified         ||     8
Armor: Leather armour    ||     9
       Skin              ||     5
Dodge: Dodged            ||    26

Table legend: (Time is in decaauts)
 A = Elapsed time spent in this place.
 B = Non-inter-level travel time spent in this place.
 C = Inter-level travel time spent in this place.
 D = Time resting spent in this place.
 E = Time spent auto-exploring this place.
 F = Levels seen in this place.
 G = Mean time per level.
                   A        B        C        D        E       F      G
               +--------+--------+--------+--------+--------+-----+--------+
         Total |   1540 |   1526 |     14 |    507 |    691 |   3 |  513.3 |
       Dungeon |   1540 |   1526 |     14 |    507 |    691 |   3 |  513.3 |
               +--------+--------+--------+--------+--------+-----+--------+

Top non-repeatable levels by time:
     D:3: 965 daAuts
     D:2: 362 daAuts
     D:1: 211 daAuts
